 Dungeon Crawl Stone Soup version 0.31.0-11-ge490571c62 (webtiles) character file.

Game seed: 9833055787164065235

59 qw the Shooter (level 3, -1/20 HPs)
             Began as a Deep Elf Hunter on Feb 4, 2024.
             Slain by Terence
             ... wielding a +0 mace
              (9 damage)
             ... on level 3 of the Dungeon.
             The game lasted 00:00:05 (1174 turns).

qw the Shooter (Deep Elf Hunter)                    Turns: 1174, Time: 00:00:05

Health: -1/20      AC:  6    Str: 10    XL:     3   Next: 78%
Magic:  5/5        EV: 12    Int: 13    God:
Gold:   116        SH:  0    Dex: 18    Spells: 2/2 levels left

rFire   . . .        a - +0 shortbow
rCold   + . .        (shield currently unavailable)
rNeg    . . .        g - +2 leather armour {rC+}
rPois   .            (no helmet)
rElec   .            (no cloak)
rCorr   .            (no gloves)
SInv    .            e - +0 pair of boots
Will    .....        f - amulet of faith
Stlth   ++           (no ring)
HPRegen 0.23/turn    (no ring)
MPRegen 0.09/turn

%: faith
@: no status effects
A: no striking features
a: no special abilities


You were on level 3 of the Dungeon.
You visited 1 branch of the dungeon, and saw 3 of its levels.

You collected 116 gold pieces.


   Skills:
 - Level 1.5 Fighting
 + Level 7.3 Ranged Weapons
 - Level 2.4 Dodging
 - Level 1.2 Stealth


You had 2 spell levels left.
You didn't know any spells.
Your spell library was empty.

Inventory:

Hand Weapons
 a - a +0 shortbow (weapon)
Armour
 b - a +0 ring mail
 e - a +0 pair of boots (worn)
 g - a +2 leather armour of cold resistance (worn)
Jewellery
 f - an amulet of faith (around neck)

Dungeon Overview and Level Annotations

Branches:
Dungeon (3/15)

Altars:

Shops:
D:1 =

Annotations:
D:3 Terence


Message History

Done exploring.
1143 ||| DROPPING potion of ambrosia.
You drop a potion of ambrosia.
Done exploring.
What level of the Dungeon? (default 2, ? - help)
There is a stone staircase leading down here.
You climb downwards.
Found an escape hatch in the ceiling.
There is a stone staircase leading up here.
Waypoint 2 assigned to D:3.
Terence the Incautious comes into view.
He is wielding a +0 mace.
There is an escape hatch in the ceiling here.
You shoot an arrow.
The arrow hits Terence but does no damage.
Terence shouts!
You shoot an arrow. The arrow hits Terence.
Terence is lightly wounded.
Terence hits you with a +0 mace.
You shoot an arrow. The arrow closely misses Terence.
Terence hits you with a +0 mace.
You shoot an arrow. The arrow barely misses Terence.
Terence says, "Time to say good-bye..."
Terence closely misses you.
You shoot an arrow. The arrow barely misses Terence.
Terence hits you with a +0 mace.
You shoot an arrow. The arrow hits Terence!
Terence is heavily wounded.
Terence barely misses you.
You shoot an arrow. The arrow hits Terence.
Terence is severely wounded.
Terence says, "Don't bother to defend, it's senseless."
Terence hits you with a +0 mace.
You shoot an arrow. The arrow hits Terence.
Terence is severely wounded.
Terence hits you with a +0 mace.
You shoot an arrow.
The arrow hits Terence but does no damage.
Terence is severely wounded.
Terence hits you with a +0 mace!
You die...
Terence says, "Time to find some more victims."

#######
#...@.#
###@#
#<..#
#####


You could see Terence.

Vanquished Creatures
  An adder (D:2)
  3 dart slugs
  5 ball pythons
  7 bats
  2 endoplasms (D:2)
  A giant cockroach (D:2)
  8 goblins
  3 hobgoblins
  3 frilled lizards
  8 kobolds
  2 rats (D:1)
43 creatures vanquished.

Notes
Turn   | Place    | Note
-------+----------+-------------------------------------------
     0 | D:1      | qw the Deep Elf Hunter began the quest for the Orb.
     0 | D:1      | Reached XP level 1. HP: 12/12 MP: 3/3
     0 | D:1      | 0 ||| qw: Version: 0.3-a-160-g6735b56
     0 | D:1      | 0 ||| qw: Game counter: 4427
     0 | D:1      | 0 ||| qw: Melee chars always use a shield: true
     0 | D:1      | 0 ||| qw: God list: Okawaru
     0 | D:1      | 0 ||| qw: Allow faded altars: false
     0 | D:1      | 0 ||| qw: Do Orc after clearing Dungeon:15 true
     0 | D:1      | 0 ||| qw: Do second Lair branch before Depths: true
     0 | D:1      | 0 ||| qw: Lair rune preference: random
     0 | D:1      | 0 ||| qw: Goals: Normal
     0 | D:1      | 0 ||| PLANNING D:1-11
   179 | D:1      | Found Bikiror's Jewellery Boutique.
   187 | D:1      | 187 ||| SHOPLISTING +4 ring of protection (504 gold, have
                  | 9).
   187 | D:1      | 187 ||| SHOPLISTING +5 ring of evasion (504 gold, have 9).
   187 | D:1      | 187 ||| SHOPLISTING +6 ring of dexterity (504 gold, have
                  | 9).
   187 | D:1      | 187 ||| SHOPLISTING amulet of guardian spirit (420 gold,
                  | have 9).
   187 | D:1      | 187 ||| SHOPLISTING amulet of regeneration (420 gold, have
                  | 9).
   187 | D:1      | 187 ||| SHOPLISTING ring "Koacero" {+Blink Fly Str+3 Dex+3}
                  | (617 gold, have 9).
   187 | D:1      | 187 ||| SHOPLISTING ring of fire (350 gold, have 9).
   187 | D:1      | 187 ||| SHOPLISTING ring of positive energy (280 gold, have
                  | 9).
   193 | D:1      | Reached XP level 2. HP: 16/16 MP: 4/4
   196 | D:1      | Reached skill level 6 in Ranged Weapons
   639 | D:1      | 639 ||| UPGRADING to +0 pair of boots.
   644 | D:1      | 644 ||| UPGRADING to amulet of faith.
   649 | D:1      | 649 ||| DROPPING scroll of butterflies.
   696 | D:2      | Reached XP level 3. HP: 20/20 MP: 5/5
   768 | D:2      | Reached skill level 7 in Ranged Weapons
  1118 | D:2      | 1118 ||| UPGRADING to +0 ring mail.
  1128 | D:2      | 1128 ||| DROPPING +0 leather armour.
  1129 | D:2      | 1129 ||| UPGRADING to +2 leather armour of cold resistance.
  1139 | D:2      | 1139 ||| DROPPING ring of magical power.
  1140 | D:2      | 1140 ||| READING scroll labelled QEIKUMA JEFEXI.
  1141 | D:2      | 1141 ||| READING scroll labelled EMUKUILUESK.
  1142 | D:2      | 1142 ||| READING scroll labelled PUICIF FETH.
  1142 | D:2      | 1142 ||| IDENTIFYING purple potion
  1143 | D:2      | 1143 ||| DROPPING potion of ambrosia.
  1165 | D:3      | Noticed Terence
  1174 | D:3      | Slain by Terence

Levels and vault maps discovered:
D:1:      lemuel_arrival_hallway, layout_basic, serial_shops, shop,
          chequers_arboretum, chequers_serial_rivers_small_a,
          minmay_misc_feat_iff
D:2:      layout_rooms
D:3:      layout_basic, mainiacjoe_overflow_surrounded_room,
          nemelex_diamond_rough_becter, serial_shops,
          nicolae_shop_window_shopping, uniq_terence

Skill      XL: |  1  2  3 |
---------------+----------+-----
Ranged Weapons | 6 7 |  7.3
Fighting       | |  1.5
Dodging        | |  2.4
Stealth        | |  1.2

Action                     || total
---------------------------++-------
   Fire: Shortbow          ||   104
    Use: Scroll            ||     3
 Armour: Leather armour    ||    12
  Dodge: Dodged            ||    11

Table legend:
 A = Non-vault XP
 B = Vault XP
 C = Vault XP percentage of total XP
 D = Non-vault monster count
 E = Vault monster count
 F = Vault count percentage of total count
                 A         B        C        D         E       F
            +---------+---------+-------+---------+---------+-------
      Total |      85 |       0 |   0.0 |      43 |       0 |   0.0
            +---------+---------+-------+---------+---------+-------
        D:1 |      37 |       0 |   0.0 |      23 |       0 |   0.0
        D:2 |      48 |       0 |   0.0 |      20 |       0 |   0.0
            +---------+---------+-------+---------+---------+-------
